 Dungeon Crawl Stone Soup version 0.26-a0-712-ga5a9c9c9d0 (webtiles) character file.

Game seed: 8735089144740055311

65 kae the Insei (level 4, -1/42 HPs)
             Began as an Octopode Transmuter on Nov 6, 2020.
             Slain by an ogre
             ... wielding a +0 giant club
              (6 damage)
             ... on level 4 of the Dungeon.
             The game lasted 00:00:56 (1553 turns).

kae the Insei (Octopode Transmuter)                 Turns: 1553, Time: 00:00:57

Health: -1/42      AC: 22    Str: 10    XL:     4   Next: 13%
Magic:  6/7        EV:  2    Int: 15    God:
Gold:   59         SH:  0    Dex: 12    Spells: 3/7 levels left

rFire    . . .     SeeInvis .     - Unarmed
rCold    . . .     Faith    .   (no shield)
rNeg     + + +     Spirit   .   (helmet currently unavailable)
rPois    +         Reflect  .   (no amulet)
rElec    .         Harm     .   (no ring)
rCorr    .         Rampage  .   (no ring)
MR       .....     NoTele   +   (no ring)
Stlth    +.........             (no ring)
HPRegen  0.14/turn              (no ring)
MPRegen  0.10/turn              (no ring)
                                (no ring)
                                (no ring)

@: tree-form
A: almost no armour, stealthy swim, (amphibious), 8 rings, (constrict 8)
a: no special abilities


You were on level 4 of the Dungeon.
You were a tree.
You visited 1 branch of the dungeon, and saw 3 of its levels.

You collected 59 gold pieces.

Inventory:

Potions
 b - a potion of flight {unknown}
 d - a potion of degeneration {unknown}


   Skills:
 + Level 1.5 Fighting
 + Level 2.3 Dodging
 * Level 3.6 Unarmed Combat
 + Level 2.3 Spellcasting
 * Level 2.7 Transmutations
 + Level 0.5 Poison Magic


You had 3 spell levels left.
You knew the following spells:

 Your Spells              Type           Power        Failure   Level
a - Beastly Appendage     Tmut           ##....       7%          1
b - Spider Form           Tmut/Pois      #.........   32%         3

Your spell library contained the following spells:

 Spells                   Type           Power        Failure   Level
 Wereblood                Tmut           ##......     11%         2
 Summon Small Mammal      Summ           #...         22%         1
 Call Imp                 Summ           #.......     32%         2
 Call Canine Familiar     Summ           #.......     54%         3
 Summon Guardian Golem    Hex/Summ       #.......     54%         3
 Ice Form                 Ice/Tmut       #.......     77%         4
 Blade Hands              Tmut           ##........   88%         5
 Summon Ice Beast         Ice/Summ       #.......     91%         4
 Summon Lightning Spire   Summ/Air       #.......     91%         4


Dungeon Overview and Level Annotations

Branches:
Dungeon (2/15)

Altars:
Dithmenos
Vehumet


Innate Abilities, Weirdness & Mutations

You cannot wear most types of armour.
You are very stealthy in the water. (Stealth+)
((You are amphibious.))
You can wear up to eight rings at the same time.
((You can use your tentacles to constrict eight enemies at once.))
((Your skin changes colour to match your surroundings (Stealth+).))
((Your rubbery body absorbs attacks. (AC +1, EV +1)))


Message History

An ogre is nearby!
The ogre shouts!
Casting: Beastly Appendage (safe; 7% risk of failure)
Confirm with . or Enter, or press ? or * to list all spells.
One of your tentacles grows a vicious spike.
Your transformation is almost over.
You tentacle-slap the ogre but do no damage.
The ogre hits you with a +0 giant club!!
Ouch! That really hurt!
* * * LOW HITPOINT WARNING * * *
You are too injured to fight recklessly!
You are too injured to fight recklessly!
You are too injured to fight recklessly!
You tentacle-slap the ogre.
The ogre is moderately wounded.
It was a potion of lignification.
Your tentacle spike disappears.
You turn into a tree.
Your roots penetrate the ground.
The ogre hits you with a +0 giant club.
You die...

#........##.
#..........
#.........
##........ .
#........## .
#...>.....# .
#......O..#
.#########......♣.##
#..#.....#.........#
...................#
...............[...#
...................#
..###.............##
..####..#...#..####
...#...###.###.#
...#....#...#..#


You could see an ogre.

Vanquished Creatures
  A hound (D:4)
  An adder (D:4)
  An ooze (D:1)
  2 dart slugs (D:1)
  A leopard gecko (D:4)
  2 goblins (D:1)
  3 hobgoblins (D:1)
  2 jackals (D:1)
  A bat (D:2)
  2 frilled lizards
  2 kobolds
  2 rats (D:1)
20 creatures vanquished.

Notes
Turn   | Place    | Note
-------+----------+-------------------------------------------
     0 | D:1      | kae the Octopode Transmuter began the quest for the Orb.
     0 | D:1      | Reached XP level 1. HP: 13/13 MP: 3/3
   364 | D:1      | Reached XP level 2. HP: 17/18 MP: 3/5
  1115 | D:2      | Reached XP level 3. HP: 23/23 MP: 6/6
  1124 | D:2      | Learned a level 3 spell: Spider Form
  1125 | D:2      | You fall into a shaft and drop 2 floors!
  1173 | D:4      | Found a radiant altar of Vehumet.
  1233 | D:4      | Found a shadowy altar of Dithmenos.
  1471 | D:4      | Reached XP level 4. HP: 28/28 MP: 5/7
  1546 | D:4      | Noticed an ogre
  1553 | D:4      | Slain by an ogre

Illustrated notes

Levels and vault maps discovered:
D:1:      sevenhm_arrival_forest_fort_large_2, layout_basic
D:2:      layout_rooms, overflow_temple_1_default, grunt_ministairs_14,
          corexii_item_surrounded_by_moat, uniq_sigmund
D:4:      layout_gridville, vehumet_crystals, nicolae_dithmenos_shadow_blocks

Action                   |  1- 3 |  4- 6 || total
-------------------------+-------+-------++-------
Melee: Unarmed           |    48 |     2 ||    50
       Constrict         |    16 |       ||    16
       Kick              |    12 |       ||    12
       Tentacles         |     8 |       ||     8
 Cast: Beastly Appendage |    13 |     1 ||    14
  Use: Scroll            |     3 |       ||     3
       Potion            |       |     1 ||     1
 Stab: Sleeping          |     5 |       ||     5
Armor: Skin              |     5 |       ||     5
Dodge: Dodged            |    21 |       ||    21

Table legend: (Time is in decaauts)
 A = Elapsed time spent in this place.
 B = Non-inter-level travel time spent in this place.
 C = Inter-level travel time spent in this place.
 D = Time resting spent in this place.
 E = Time spent auto-exploring this place.
 F = Levels seen in this place.
 G = Mean time per level.
                   A        B        C        D        E       F      G
               +--------+--------+--------+--------+--------+-----+--------+
         Total |   1549 |   1503 |     46 |      0 |   1336 |   3 |  516.3 |
       Dungeon |   1549 |   1503 |     46 |      0 |   1336 |   3 |  516.3 |
               +--------+--------+--------+--------+--------+-----+--------+

Top non-repeatable levels by time:
     D:1: 1104 daAuts
     D:4: 426 daAuts
     D:2: 17 daAuts
